 Dungeon Crawl Stone Soup version 0.27.1-2-g3b301248ec (webtiles) character file.

Game seed: 11795557804798645339

18 DearestLeader the Conjurer (level 2, -2/17 HPs)
             Began as an Octopode Conjurer on Sept 30, 2021.
             Killed by nerve-wracking pain
             ... invoked by Jessica
              (14 damage)
             ... on level 2 of the Dungeon.
             The game lasted 00:01:27 (1281 turns).

DearestLeader the Conjurer (Octopode Conjurer)      Turns: 1281, Time: 00:01:28

Health: -2/17      AC:  1    Str:  6    XL:     2   Next: 66%
Magic:  4/5        EV: 13    Int: 20    God:
Gold:   48         SH:  0    Dex: 10    Spells: 4/5 levels left

rFire    . . .     SeeInvis .   a - +0 dagger
rCold    . . .     Faith    .   (no shield)
rNeg     . . .     Spirit   .   (helmet restricted)
rPois    .         Reflect  .   (no amulet)
rElec    .         Harm     .   (no ring)
rCorr    .         Rampage  .   (no ring)
Will     .....                  (no ring)
Stlth    +++.......             (no ring)
HPRegen  0.05/turn              (no ring)
MPRegen  0.09/turn              (no ring)
                                (no ring)
                                (no ring)

@: no status effects
A: almost no armour, amphibious, 8 rings, camouflage 1, gelatinous body 1,
(nimble swimmer 1), tentacles
a: no special abilities


You were on level 2 of the Dungeon.
You visited 1 branch of the dungeon, and saw 2 of its levels.

You collected 48 gold pieces.

Inventory:

Hand Weapons
 a - a +0 dagger (weapon)
Wands
 f - a wand of paralysis (9)
Scrolls
 b - a scroll of blinking {unknown}
 c - a scroll of identify {unknown}
 d - a scroll of immolation {unknown}
 e - 2 scrolls of vulnerability {unknown}


   Skills:
 - Level 2.0 Dodging
 + Level 3.3 Stealth
 - Level 2.0 Spellcasting
 * Level 4.5 Conjurations


You had 4 spell levels left.
You knew the following spells:

 Your Spells              Type           Power      Damage    Failure   Level
a - Magic Dart            Conj           80%        1d7       2%          1

Your spell library contained the following spells:

 Spells                   Type           Power      Damage    Failure   Level
 Searing Ray              Conj           40%        3d4       3%          2
 Dazzling Flash           Conj/Hex       22%        N/A       19%         3
 Fulminant Prism          Conj/Hex       5%         3d7       52%         4
 Iskenderun's Mystic Bla  Conj/Tloc      11%        2d4       52%         4


Dungeon Overview and Level Annotations

Branches:
Dungeon (2/15)

Altars:

Annotations:
D:2 Jessica


Innate Abilities, Weirdness & Mutations

You cannot wear most types of armour.
You are amphibious.
You can wear up to eight rings at the same time.
Your skin changes colour to match your surroundings (Stealth+).
Your rubbery body absorbs attacks. (AC +1, EV +1)
((You are camouflaged near water. (Stealth+)))
You have tentacles for arms and can constrict up to eight enemies at once.


Message History

HP restored.
Done exploring.
You see here a jackal skeleton.
You see here a ball python skeleton.
There is a stone staircase leading down here.
You climb downwards.
The jackal bites you. The jackal barely misses you.
There is a stone staircase leading up here.
Casting: Magic Dart (safe; 2% risk of failure)
Confirm with . or Enter, or press ? or * to list all spells.
Aiming: Magic Dart (safe; 2% risk of failure)
Press: ? - help, Shift-Dir - straight line, f - jackal
Aim: a jackal (100% to hit)
The magic dart hits the jackal.
You kill the jackal!
Magic restored.
HP restored.
Found 30 sling bullets.
f - a wand of paralysis (9)
A rat comes into view.
Jessica the Apprentice Sorceress comes into view.
She is wielding a +0 dagger and carrying a wand of digging (3).
Found a stone staircase leading down.
A rat comes into view.
Jessica shouts!
A rat comes into view.
An adder comes into view.
Casting: Magic Dart (safe; 2% risk of failure)
Confirm with . or Enter, or press ? or * to list all spells.
Aiming: Magic Dart (safe; 2% risk of failure)
Press: ? - help, Shift-Dir - straight line, f - Jessica
Aim: Jessica, wielding a +0 dagger, wearing a +0 robe and carrying a wand of digging (3) (100% to hit)
The magic dart hits Jessica.
Jessica is severely wounded.
The adder hisses angrily.
A quokka comes into view.
A rat comes into view.
A dart slug comes into view.
The rat twitches its whiskers.
Jessica gestures at you while chanting. Pain shoots through your body!
Jessica casts a spell at you. Pain shoots through your body!
Ouch! That really hurt!
You die...

..>.......# ... #.#
..#.....r.#####.... #.###
.........r......... #....
................##.# ##....
.......r.S....#.##.####.<...
.........@......#...........
.###....r..................
#.................รท.....
#...##..@...##...........
#.#. ##.....##.........##
#..#. #.....##.........# ...
#. ##.....##.####...# ..r #.
#####..#..# #..(# ..# ..
##..#.# ...# ##.#.# ####
#.#.# #...#


You could see an adder, Jessica and 4 rats.

Vanquished Creatures
  3 ball pythons (D:1)
  2 endoplasms (D:1)
  2 hobgoblins (D:1)
  3 jackals
  A kobold (D:1)
  2 bats
  3 frilled lizards
16 creatures vanquished.

Notes
Turn   | Place    | Note
-------+----------+-------------------------------------------
     0 | D:1      | DearestLeader the Octopode Conjurer began the quest for the
                  | Orb.
     0 | D:1      | Reached XP level 1. HP: 11/11 MP: 3/3
   482 | D:1      | Found a faded altar of an unknown god.
   540 | D:1      | Reached XP level 2. HP: 17/17 MP: 5/5
  1274 | D:2      | Noticed Jessica
  1281 | D:2      | Killed from afar by Jessica

Illustrated notes

Levels and vault maps discovered:
D:1:      minmay_arrival_four_houses, layout_basic,
          hellmonk_ecumenical_altar_inner_sanctum, nrook_mini_vaults
D:2:      layout_rooms, minmay_misc_feat_encased, minmay_misc_feat_rugged,
          chequers_serial_rivers_micro_a, uniq_jessica

Skill      XL: |  1 |
---------------+----+-----
Stealth        | 3 |  3.3
Dodging        | |  2.0
Spellcasting   | |  2.0
Conjurations   | |  4.5

Action                   || total
-------------------------++-------
Melee: Dagger            ||    18
       Constrict         ||     4
 Cast: Magic Dart        ||    19
 Stab: Sleeping          ||     2
Armor: Skin              ||     2
Dodge: Dodged            ||    20
